 Dungeon Crawl Stone Soup version 0.21.1-1-g345015f (webtiles) character file.

8 Mgcat the Chopper (level 2, -6/27 HPs)
             Began as a Hill Orc Monk on Mar 21, 2018.
             Killed by nerve-wracking pain
             ... invoked by Grinder
              (13 damage)
             ... while paralysed by Grinder
             ... on level 3 of the Dungeon.
             The game lasted 00:01:36 (174 turns).

Mgcat the Chopper (Hill Orc Monk)                    Turns: 174, Time: 00:01:36

Health: -6/27      AC:  3    Str: 13    XL:     2   Next: 8%
Magic:  2/2        EV:  2    Int: 10    God:
Gold:   21         SH:  0    Dex: 13    Spells: 1/1 levels left

rFire    . . .     SeeInvis .   a - +0 hand axe
rCold    . . .     Gourm    .   k - +0 shield
rNeg     . . .     Faith    .   i - +0 leather armour (curse)
rPois    .         Spirit   .   (no helmet)
rElec    .         Reflect  .   (no cloak)
rCorr    .         Harm     .   (no gloves)
MR       .....                  (no boots)
Stlth    ++........             (no amulet)
HPRegen  0.09/turn              (no ring)
MPRegen  0.08/turn              (no ring)

@: paralysed
A: no striking features
a: no special abilities


You were on level 3 of the Dungeon.
You were not hungry.

You visited 1 branch of the dungeon, and saw 3 of its levels.

You collected 21 gold pieces.

Inventory:

Hand Weapons
 a - a +0 hand axe (weapon)
Armour
 b - a +0 scale mail
   (You found it on level 1 of the Dungeon)
 i - a cursed +0 leather armour (worn)
   (You found it on level 1 of the Dungeon)
 k - a +0 shield (worn)
   (You found it on level 3 of the Dungeon)
Jewellery
 f - an uncursed amulet of faith {Faith, !P}
   (You found it on level 1 of the Dungeon)
 h - an uncursed ring of ice {rC+, rF-}
   (You found it on level 1 of the Dungeon)
Scrolls
 d - a scroll of teleportation {unknown}
 g - a scroll of magic mapping {unknown}
Potions
 e - a potion of curing {unknown}
Comestibles
 c - 3 rations
 j - 2 chunks of flesh {@w0}


   Skills:
 + Level 4.0 Fighting
 + Level 4.4 Axes
 - Level 2.4 Dodging
 - Level 1.5 Stealth


You had one spell level left.
You didn't know any spells.

Dungeon Overview and Level Annotations

Branches:
Dungeon (3/15)

Altars:

Annotations:
D:3 Grinder


Message History

The kobold is heavily wounded.
The kobold barely misses you.
You barely miss the kobold.
The kobold is heavily wounded.
The kobold closely misses you.
You barely miss the kobold.
The kobold is heavily wounded.
The kobold closely misses you.
You hit the kobold but do no damage.
The kobold is heavily wounded.
The kobold closely misses you.
You barely miss the kobold.
The kobold is heavily wounded.
The kobold hits you but does no damage.
You miss the kobold.
The kobold is heavily wounded.
The kobold barely misses you.
You hit the kobold.
You kill the kobold!
There is a stone staircase leading down here.
You climb downwards.
A kobold comes into view. It is wielding a short sword.
There is a stone staircase leading up here.
The helpless kobold fails to defend itself.
You hit the kobold.
The kobold is severely wounded.
The kobold hits you but does no damage.
You closely miss the kobold.
The kobold is moderately wounded.
The kobold hits you but does no damage.
You closely miss the kobold.
The kobold is moderately wounded.
The kobold hits you with a short sword.
You slash the kobold!
You kill the kobold!
You have reached level 2!
A ball python comes into view.
You see here 7 gold pieces.
You now have 7 gold pieces.
Found a stone staircase leading up.
The ball python hisses angrily.
The ball python closely misses you. The ball python grabs you.
The ball python constricts you. The ball python bites you.
The ball python constricts you.
You barely miss the ball python.
The ball python bites you but does no damage.
The ball python constricts you.
Your leather armour prevents you from hitting the ball python.
The ball python bites you but does no damage.
The ball python constricts you.
You barely miss the ball python.
The ball python bites you but does no damage.
The ball python constricts you.
You closely miss the ball python. The ball python closely misses you.
The ball python constricts you. The ball python closely misses you.
The ball python constricts you.
You barely miss the ball python. The ball python bites you.
The ball python constricts you.
You barely miss the ball python.
The ball python bites you but does no damage.
The ball python constricts you.
You hit the ball python.
You kill the ball python!
Your Fighting skill increases to level 4!
Unknown command.
You now have 21 gold pieces (gained 14).
You see here a shield.
k - a shield Marking area around Grinder as unsafe for travelling.
Grinder comes into view.
Unknown command.
Wear which item? (? for menu, Esc to quit)
You start putting on your armour.
You continue putting on your shield. x4
You finish putting on your +0 shield.
Unknown command.
Unknown command.
Unknown command.
A frilled lizard comes into view.
Really walk into a travel-excluded area?
Okay, then.
Okay, then.
Okay, then.
Really walk into a travel-excluded area?
Grinder shouts!
Grinder hits you but does no damage.
You hit Grinder but do no damage. Grinder hits you!
You writhe in agony.
* * * LOW HITPOINT WARNING * * *
You hit Grinder but do no damage. Grinder gestures at you.
You struggle to resist.
You hit Grinder but do no damage. Grinder hits you but does no damage.
You closely miss Grinder. You hit the frilled lizard.
You kill the frilled lizard!
You block Grinder's attack.
You hit Grinder but do no damage. Grinder gestures at you.
You suddenly lose the ability to move!
Grinder gestures at you. Pain shoots through your body!
You die...

#.#.#.#.#.#.#
#.#(#.#.#..#..###
.#.#.#.#.#.##....
#.#.#.#.#..##.<#
.#.#.#.#.#.#....
.#.#.#.#.......
.#.#.#.#)#.l
#.#.#.#..#....
#.#.#.#@#.# ...
#.......5.......
#####..#...#####.
#....### ... #.#
##.. ..# .. .##
... .


You could see Grinder.

Vanquished Creatures
  A dart slug (D:1)
  A goblin (D:1)
  2 kobolds
  A ball python (D:3)
  A frilled lizard (D:3)
  A rat (D:1)
7 creatures vanquished.

Notes
Turn   | Place    | Note
-------+----------+-------------------------------------------
     0 | D:1      | Mgcat the Hill Orc Monk began the quest for the Orb.
     0 | D:1      | Reached XP level 1. HP: 19/19 MP: 1/1
   121 | D:3      | Reached XP level 2. HP: 22/27 MP: 2/2
   142 | D:3      | Reached skill level 4 in Fighting
   155 | D:3      | Noticed Grinder
   174 | D:3      | Paralysed by Grinder for 5 turns
   174 | D:3      | Killed from afar by Grinder

Skill      XL: |  1  2 |
---------------+-------+-----
Fighting       | 4 |  4.0
Axes           | |  4.4
Dodging        | |  2.4
Stealth        | |  1.5

Action                   || total
-------------------------++-------
Melee: Hand axe          ||    28
 Stab: Sleeping          ||     2
Armor: Leather armour    ||    10
Dodge: Dodged            ||     9
Block: Shield            ||     1

Vault maps used:
D:1:      minmay_arrival_hallway, ashenzari_altar_1
D:2:      nicolae_ru_path_of_blood, serial_undead, serial_undead_c,
          serial_undead_a, serial_undead_b, serial_undead_c, serial_undead_d,
          first_ration
D:3:      overflow_temple_1_default, marbit_many_paths, kennysheep_crisscross,
          minivault_23, uniq_grinder

Table legend:
 A = Turns spent in this place as a percentage of turns spent in the entire game.
 B = Non-inter-level travel turns spent in this place as a percentage of non-inter-level travel turns spent in the entire game.
 C = Inter-level travel turns spent in this place as a percentage of turns spent in this place.
 D = Turns resting spent in this place as a percentage of non-inter-level travel turns spent in this place.
 E = Turns spent auto-exploring this place as a percentage of non-inter-level travel turns spent in this place.
 F = Non-inter-level travel turns spent in this place divided by the number of levels of this place that you've seen.
                   A       B       C       D       E      F
               +-------+-------+-------+-------+-------+----------------------
         Total | 100.0 | 100.0 |   0.0 |   0.0 |   9.8 |  58.0
       Dungeon | 100.0 | 100.0 |   0.0 |   0.0 |   9.8 |  58.0
               +-------+-------+-------+-------+-------+----------------------

Table legend:
 A = Kills in this place as a percentage of kills in entire the game.
 B = Kills by you in this place as a percentage of kills by you in the entire game.
 C = Kills by friends in this place as a percentage of kills by friends in the entire game.
 D = Other kills in this place as a percentage of other kills in the entire game.
 E = Experience gained in this place as a percentage of experience gained in the entire game.
 F = Experience gained in this place divided by the number of levels of this place that you have seen.
                   A       B       C       D       E      F
               +-------+-------+-------+-------+-------+----------------------
         Total | 100.0 | 100.0 |   N/A |   N/A | 100.0 |   4.0
       Dungeon | 100.0 | 100.0 |   N/A |   N/A | 100.0 |   4.0
               +-------+-------+-------+-------+-------+----------------------
